[Event "Team 45 45 League T43"]
[Site "Internet Chess Club"]
[Date "2009.11.22"]
[Round "4"]
[White "abescac"]
[Black "BotanicalKnight"]
[Result "1-0"]
[WhiteElo "1497"]
[BlackElo "1549"]
[Opening "Caro-Kann defense"]
[ECO "B10"]
[Time "11:04:13"]
[TimeControl "2700+45"]

1. e4 c6 2. Ne2 d5 3. e5 Bg4 4. h3 Bxe2 5. Bxe2 e6 6. d4 Qb6 7. O-O Nd7 8. c3 c5
9. a3 c4 10. Nd2 Ne7 11. Bg4 g6 12. Qc2 Bg7 13. Re1 a5 14. Nf1 O-O 15. Bg5 Nf5
16. Bxf5 gxf5 17. Qd2 Kh8 18. Ng3 Rg8 19. Nh5 Raf8 20. Nxg7 Rxg7 21. Bh6 Rfg8
22. Bxg7+ Rxg7 23. Re3 Qc7 24. Rg3 b5 25. Rxg7 Kxg7 26. Qg5+ Kh8 27. f4 Nf8 28.
Rf1 Ng6 29. h4 b4 30. axb4 axb4 31. h5 bxc3 32. bxc3 Nf8 33. Qf6+ Kg8 {Black
resigns} 1-0

[Event "Team 45 45 League T43"]
[Site "Internet Chess Club"]
[Date "2009.11.19"]
[Round "4"]
[White "The-Capitalist"]
[Black "BarryNL"]
[Result "0-1"]
[WhiteElo "1338"]
[BlackElo "1504"]
[Opening "French: Steinitz variation"]
[ECO "C11"]
[Time "15:00:18"]
[TimeControl "2700+45"]

1. e4 e6 2. d4 d5 3. Nc3 Nf6 4. e5 Nfd7 5. f4 c5 6. Nf3 a6 7. Be3 Nc6 8. a3 Be7
9. dxc5 Bxc5 10. Bxc5 Nxc5 11. b4 Nd7 12. Nd4 Nxd4 13. Qxd4 O-O 14. Be2 f6 15.
O-O fxe5 16. fxe5 Rxf1+ 17. Rxf1 Qb6 18. Qxb6 Nxb6 19. a4 Nd7 20. b5 Nxe5 21.
bxa6 bxa6 22. a5 Nc6 23. Rf3 Nxa5 24. Na4 Rb8 25. Nc5 Nc4 26. Bxc4 dxc4 27. Rc3
Rb4 28. Nb3 cxb3 29. Rxc8+ Kf7 30. cxb3 Rxb3 31. Ra8 Ra3 32. g4 Kf6 33. Kg2 h6
34. h4 g5 35. hxg5+ hxg5 36. Rf8+ Kg7 37. Ra8 Kf7 38. Ra7+ Kf6 39. Kf2 Ke5 40.
Rg7 Kf4 41. Rf7+ Kxg4 42. Re7 Kf5 43. Rf7+ Kg6 44. Re7 Kf6 45. Rc7 e5 46. Rc6+
Kf5 47. Rc2 e4 48. Rc5+ Kf4 49. Rc7 Ra2+ 50. Ke1 g4 51. Rf7+ Ke3 52. Rf1 Ra1#
{White checkmated} 0-1

[Event "Team 45 45 League T43"]
[Site "Internet Chess Club"]
[Date "2009.11.20"]
[Round "4"]
[White "MCJR"]
[Black "KingOfHearts"]
[Result "1-0"]
[WhiteElo "1380"]
[BlackElo "1250"]
[Opening "Queen's bishop game"]
[ECO "D02"]
[Time "21:00:18"]
[TimeControl "2700+45"]

1. d4 d5 2. Nf3 Nf6 3. Bf4 Nc6 4. e3 Bg4 5. Nbd2 e6 6. Be2 h6 7. h3 Bf5 8. O-O
Bd6 9. Ne5 Ne7 10. Ndf3 Ng6 11. Bb5+ c6 12. Nxc6 bxc6 13. Bxc6+ Nd7 14. Bxa8
Bxf4 15. exf4 Qxa8 16. Qd2 O-O 17. Rfe1 Qb8 18. c3 Qxf4 19. Qe2 Nf6 20. Rac1 Qd6
21. c4 Nf4 22. Qd2 Nd3 23. c5 Qa6 24. b4 Nxc1 25. Rxc1 Ne4 26. Qb2 Rb8 27. Ne5
Nf6 28. c6 Qc8 29. a4 Ne8 30. b5 Nc7 31. Qa3 a6 32. Nd7 Nxb5 33. axb5 Rxb5 34.
Qd6 Rb1 35. Rxb1 Bxb1 36. Nc5 a5 37. c7 e5 38. Qd8+ Qxd8 39. cxd8=Q+ Kh7 40.
Qxd5 {Black resigns} 1-0

[Event "Team 45 45 League T43"]
[Site "Internet Chess Club"]
[Date "2009.11.19"]
[Round "4"]
[White "Zohan"]
[Black "SATELLITE-DAN"]
[Result "0-1"]
[WhiteElo "1354"]
[BlackElo "1547"]
[Opening "Scotch gambit: Dubois-Réti defense"]
[ECO "C55"]
[Time "23:00:54"]
[TimeControl "2700+45"]

1. e4 e5 2. Nf3 Nc6 3. d4 exd4 4. Bc4 Nf6 5. e5 d5 6. Bb5 Ne4 7. Nxd4 Bd7 8.
Bxc6 bxc6 9. O-O Bc5 10. f3 Ng5 11. f4 Ne4 12. Be3 Rb8 13. Nc3 O-O 14. Nxe4 dxe4
15. Rb1 Qe7 16. c3 f6 17. b4 Bb6 18. a4 fxe5 19. fxe5 c5 20. a5 cxd4 21. cxd4
Bb5 22. Rf2 Bxd4 23. Bxd4 Rxf2 24. Kxf2 Rf8+ 25. Kg1 Rf1+ 26. Qxf1 Bxf1 27. Rxf1
Qxb4 28. Bxa7 Qxa5 29. Bd4 Qd5 30. Bc3 Qc5+ 31. Kh1 Qxc3 32. e6 Qe5 33. Rc1 Qxe6
34. Rxc7 e3 35. Rc1 Qf5 36. Rg1 e2 37. h3 Qf1 {White resigns} 0-1

[Event "Team 45 45 League T43"]
[Site "Internet Chess Club"]
[Date "2009.11.22"]
[Round "4"]
[White "kingphisch"]
[Black "houseofcook"]
[Result "1-0"]
[WhiteElo "1507"]
[BlackElo "1506"]
[Opening "French: King's Indian attack"]
[ECO "C00"]
[Time "13:02:02"]
[TimeControl "2700+45"]

1. e4 e6 2. d3 d5 3. Nd2 c5 4. g3 Bd6 5. Bg2 Ne7 6. Ngf3 Nbc6 7. O-O O-O 8. Re1
Qc7 9. c3 f6 10. Nf1 e5 11. Ne3 d4 12. Qb3+ Kh8 13. Nd5 Nxd5 14. exd5 Ne7 15. c4
Bd7 16. Qd1 a5 17. a4 b6 18. Bd2 Bf5 19. Qe2 Qd7 20. Qf1 Qe8 21. Nh4 Bg4 22. h3
Bd7 23. Qe2 Ng6 24. Nxg6+ Qxg6 25. b3 Bf5 26. Be4 Bxe4 27. Qxe4 Qh5 28. Kg2 f5
29. Qe2 Qg6 30. Qf3 Rae8 31. Re2 e4 32. dxe4 fxe4 33. Qg4 Qxg4 34. hxg4 Rf3 35.
Rb1 e3 36. fxe3 Rxg3+ 37. Kh1 Rxg4 38. Rg1 Rh4+ 39. Kg2 Rhe4 40. Kf3 R4e5 41.
Reg2 dxe3 42. Bc3 Rf5+ 43. Ke2 Be5 44. Bxe5 Rexe5 45. Rxg7 Rf2+ 46. Ke1 Rf8 47.
Ke2 Rf2+ 48. Ke1 Rf8 49. Rb7 e2 50. Rxb6 Ree8 51. Rb5 Rf3 52. Rxc5 Rxb3 53. Rb5
Ra3 54. Rb1 Rxa4 55. Rc1 Ra2 56. c5 Rb2 57. d6 a4 58. d7 Rd8 59. c6 Rbb8 60. c7
Rbc8 61. cxd8=Q+ Rxd8 62. Rc8 {Black resigns} 1-0

[Event "Team 45 45 League T43"]
[Site "Internet Chess Club"]
[Date "2009.11.21"]
[Round "4"]
[White "JimGaming"]
[Black "dpmdpm"]
[Result "0-1"]
[WhiteElo "1303"]
[BlackElo "1244"]
[Opening "Sicilian: Nimzovich-Rossolimo attack (without ...d6)"]
[ECO "B30"]
[Time "14:01:24"]
[TimeControl "2700+45"]

1. e4 c5 2. Nf3 Nc6 3. Bb5 d6 4. O-O e5 5. c4 Nf6 6. d3 Be7 7. Nc3 O-O 8. Bxc6
bxc6 9. a4 Re8 10. a5 Ba6 11. Qa4 Qc7 12. b4 cxb4 13. Qxb4 d5 14. Qa4 dxc4 15.
dxc4 Rad8 16. Re1 Nd7 17. Be3 Nc5 18. Bxc5 Bxc5 19. Rad1 Bd4 20. Na2 c5 21. Nc1
Qd7 22. Qxd7 Rxd7 23. Nxe5 Rxe5 24. Nd3 Ree7 25. Rb1 Re8 26. Rbc1 Bb7 27. e5
Rde7 28. Kf1 Bxe5 29. Nxc5 Bc6 30. Rcd1 Bxh2 31. Rxe7 Rxe7 32. Rd8+ Re8 33.
Rxe8+ Bxe8 34. g3 Bc6 35. Ke2 g5 36. Ke3 h5 37. Nd3 h4 38. Ne5 hxg3 39. fxg3 Bb7
40. Kf2 f5 41. Nf3 Bxf3 42. Kxf3 Kf7 43. Kg2 Bxg3 44. Kxg3 f4+ 45. Kf3 Ke7 46.
Ke4 Kd6 47. Kd4 g4 48. Ke4 f3 49. Ke3 Kc5 50. Kf2 Kxc4 51. Ke1 g3 52. Kf1 Kd3
53. Ke1 Ke3 54. Kf1 g2+ 55. Kg1 Kf4 56. Kf2 Kg4 57. Kg1 Kh3 58. Kf2 Kh2 59. Kxf3
g1=Q {White resigns} 0-1

[Event "Team 45 45 League T43"]
[Site "Internet Chess Club"]
[Date "2009.11.22"]
[Round "4"]
[White "otib2006"]
[Black "MeansToAnEnd"]
[Result "1-0"]
[WhiteElo "1253"]
[BlackElo "1124"]
[Opening "Queen's pawn game"]
[ECO "D02"]
[Time "12:03:56"]
[TimeControl "2700+45"]

1. d4 d5 2. Nf3 Bf5 3. e3 Nc6 4. Bd3 Bxd3 5. Qxd3 a6 6. O-O Nf6 7. Nbd2 e6 8. a3
Bd6 9. c4 dxc4 10. Nxc4 O-O 11. e4 Nd7 12. Bg5 f6 13. Bh4 e5 14. Qb3 Kh8 15.
Qxb7 Nxd4 16. Nxd4 Nc5 17. Qd5 exd4 18. b4 Na4 19. Nxd6 Nc3 20. Nf7+ Rxf7 21.
Qxf7 Nxe4 22. f3 Nd6 23. Qd5 Nb5 24. Qxd8+ Rxd8 25. Bg3 d3 26. Bf4 d2 27. Rad1
g5 28. Rxd2 Rc8 29. Be3 Nxa3 30. Bc5 Nb5 31. Rfd1 Kg7 32. Rd8 Rxd8 33. Rxd8
{Black resigns} 1-0

[Event "Team 45 45 League T43"]
[Site "Internet Chess Club"]
[Date "2009.11.22"]
[Round "4"]
[White "Razorbackchess"]
[Black "crazyhorses"]
[Result "1-0"]
[WhiteElo "1816"]
[BlackElo "1569"]
[Opening "QGD: 3.Nc3"]
[ECO "D31"]
[Time "17:00:15"]
[TimeControl "2700+45"]

1. c4 e6 2. d4 d5 3. Nc3 dxc4 4. e3 a6 5. a4 Nf6 6. Bxc4 Be7 7. Nge2 O-O 8. O-O
c5 9. Bd3 Nc6 10. Bb1 Nb4 11. e4 cxd4 12. Nxd4 Bc5 13. Be3 Qb6 14. Nc2 Nxc2 15.
Bxc5 Qxc5 16. Qxc2 e5 17. Rd1 Be6 18. Nd5 Qxc2 19. Nxf6+ gxf6 20. Bxc2 Rac8 21.
Rac1 Rfd8 22. Rxd8+ Rxd8 23. Rd1 Rxd1+ 24. Bxd1 Kf8 25. f3 Ke7 26. b4 Bc4 27.
Kf2 Ke6 28. Ke3 f5 29. exf5+ Kxf5 30. Bc2+ Ke6 31. Bxh7 Bb3 32. a5 Kd5 33. Bg8
Kc6 34. Kd3 Kb5 35. Kc3 Bd5 36. Bh7 f6 37. Be4 Bc6 38. Bxc6+ bxc6 39. h4 {Black
resigns} 1-0

[Event "Team 45 45 League T43"]
[Site "Internet Chess Club"]
[Date "2009.11.21"]
[Round "4"]
[White "UnderRated"]
[Black "allanchs"]
[Result "1-0"]
[WhiteElo "1710"]
[BlackElo "1502"]
[Opening "Vienna game"]
[ECO "C28"]
[Time "10:00:24"]
[TimeControl "2700+45"]

1. e4 e5 2. Nc3 Nf6 3. Bc4 Nc6 4. d3 Bc5 5. Nge2 d6 6. a3 Be6 7. O-O O-O 8. Bg5
h6 9. Bh4 a6 10. Nd5 Nd4 11. Ng3 c6 12. Nxf6+ gxf6 13. Nh5 d5 14. Nxf6+ Kh8 15.
Qh5 {Black resigns} 1-0

[Event "Team 45 45 League T43"]
[Site "Internet Chess Club"]
[Date "2009.11.21"]
[Round "4"]
[White "ElmerHo"]
[Black "smsxman"]
[Result "1/2-1/2"]
[WhiteElo "1495"]
[BlackElo "1464"]
[Opening "Ruy Lopez: old Steinitz defense"]
[ECO "C62"]
[Time "17:50:29"]
[TimeControl "2700+45"]

1. e4 e5 2. Nf3 Nc6 3. Bb5 d6 4. d4 exd4 5. Nxd4 Bd7 6. Nc3 Be7 7. O-O Nf6 8.
Re1 O-O 9. Bxc6 bxc6 10. Qf3 c5 11. Nf5 Bxf5 12. Qxf5 Re8 13. Bd2 Bf8 14. Nd5
Re5 15. Nxf6+ Qxf6 16. Qxf6 gxf6 17. Bc3 Re6 18. f4 Bg7 19. f5 Re7 20. Re3 d5
21. Rg3 d4 22. Bd2 Kh8 23. Re1 Rae8 24. Rg4 c4 25. Bb4 Re5 26. b3 c5 27. Ba3 c3
28. Bc1 a5 29. a4 Rxf5 30. Rf4 Rfe5 31. Kf2 R8e6 32. Rf5 h6 33. Bf4 Rxe4 34.
Rxe4 Rxe4 35. Bd6 Re5 36. Bxe5 fxe5 37. Ke2 f6 38. Kd3 Kh7 39. Kc4 Kg6 40. g4
Bf8 41. Kb5 e4 42. Kc4 e3 43. Kd3 Bd6 44. h3 Kf7 45. Ke2 Ke6 46. Rh5 Bf8 47. Kd3
Kd6 48. h4 Bg7 49. Rf5 Kc6 50. g5 fxg5 51. hxg5 hxg5 52. Rxg5 Bf8 53. Rg6+ Bd6
54. Rg8 Kb6 55. Re8 Kb7 56. Re6 Kc7 57. Re8 Kb7 58. Re6 Kc7 {Game drawn by
mutual agreement} 1/2-1/2

[Event "Team 45 45 League T43"]
[Site "Internet Chess Club"]
[Date "2009.11.21"]
[Round "4"]
[White "houseofcook"]
[Black "kingphisch"]
[Result "1/2-1/2"]
[WhiteElo "1524"]
[BlackElo "1489"]
[Opening "Caro-Kann: exchange, Rubinstein variation"]
[ECO "B13"]
[Time "13:06:18"]
[TimeControl "2700+45"]

1. e4 c6 2. d4 d5 3. exd5 cxd5 4. Bd3 Nc6 5. c3 Nf6 6. Bf4 Bg4 7. Qb3 Qd7 8. Nd2
e6 9. Ngf3 Be7 10. Bb5 O-O 11. Ne5 Qc8 12. O-O a6 13. Bd3 Nxe5 14. Bxe5 Nd7 15.
f4 f6 16. Qc2 fxe5 17. Bxh7+ Kh8 18. fxe5 Nb6 19. Rxf8+ Bxf8 20. Rf1 Qc7 21. Rf4
Bh5 22. Rh4 Qf7 23. Bg6 Qe7 24. Rxh5+ Kg8 25. Bh7+ Kh8 26. Bg6+ Kg8 27. Bh7+ Kh8
28. Bg6+ Kg8 29. Bh7+ Kh8 30. Bg6+ Kg8 31. Bh7+ Kh8 32. Bg6+ Kg8 33. Bh7+ {Game
drawn by repetition} 1/2-1/2

[Event "Team 45 45 League T43"]
[Site "Internet Chess Club"]
[Date "2009.11.19"]
[Round "4"]
[White "powerchess1"]
[Black "CREDITorDEBIT"]
[Result "1/2-1/2"]
[WhiteElo "1744"]
[BlackElo "1692"]
[Opening "King's Indian: London system"]
[ECO "A48"]
[Time "18:18:38"]
[TimeControl "2700+45"]

1. d4 Nf6 2. Nf3 g6 3. Bf4 Bg7 4. e3 d6 5. Be2 Nh5 6. Bg5 h6 7. Bh4 Nd7 8. h3 c6
9. Nfd2 Nhf6 10. c4 O-O 11. Nc3 Qc7 12. Bg3 e5 13. O-O Re8 14. Rc1 Nf8 15. b4
Qe7 16. a4 N6h7 17. c5 dxc5 18. dxc5 f5 19. Nc4 f4 20. exf4 exf4 21. Bxf4 Bxc3
22. Nd6 Qxe2 23. Nxe8 Qxe8 24. Qb3+ Be6 25. Qxc3 g5 26. Be5 Qf7 27. Rfe1 Bd5 28.
Bd6 Ne6 29. Re3 Nhf8 30. Rg3 Ng6 31. Re1 Nef4 32. h4 Re8 33. hxg5 Ne2+ 34. Rxe2
Rxe2 35. gxh6 Rxf2 36. Rxg6+ Qxg6 37. Kxf2 Qxg2+ 38. Ke1 Qh1+ 39. Kd2 Qxh6+ 40.
Qe3 Qxe3+ 41. Kxe3 {Game drawn by mutual agreement} 1/2-1/2

[Event "Team 45 45 League T43"]
[Site "Internet Chess Club"]
[Date "2009.11.21"]
[Round "4"]
[White "ILRE"]
[Black "BotanicalKnight"]
[Result "1/2-1/2"]
[WhiteElo "1583"]
[BlackElo "1569"]
[Opening "Sicilian: closed, 6.f4"]
[ECO "B25"]
[Time "13:02:12"]
[TimeControl "2700+45"]

1. e4 c5 2. Nc3 Nc6 3. g3 g6 4. Bg2 Bg7 5. d3 d6 6. f4 e6 7. Nf3 Nge7 8. O-O O-O
9. Be3 Rb8 10. Qd2 Nd4 11. Nd1 b5 12. c3 Nxf3+ 13. Bxf3 f5 14. exf5 Nxf5 15. Bf2
e5 16. Ne3 exf4 17. Nxf5 Bxf5 18. g4 Bd7 19. Bd5+ Kh8 20. h3 Qg5 21. Bf3 Rbe8
22. Rfe1 Rxe1+ 23. Rxe1 Re8 24. Rxe8+ Bxe8 25. Qe2 Qe5 26. Qd2 g5 27. d4 Qe7 28.
dxc5 dxc5 29. Qe2 Bf8 30. Kf1 Qxe2+ 31. Kxe2 a5 32. Bd5 h6 33. h4 Bd7 34. Kf3
Bd6 35. hxg5 hxg5 36. Be4 Kg7 37. b3 Kf6 38. c4 b4 {Game drawn by mutual
agreement} 1/2-1/2

[Event "Team 45 45 League T43"]
[Site "Internet Chess Club"]
[Date "2009.11.24"]
[Round "4"]
[White "ticopatzer"]
[Black "Helaman"]
[Result "1-0"]
[WhiteElo "1594"]
[BlackElo "1472"]
[Opening "Petrov: Nimzovich attack"]
[ECO "C42"]
[Time "19:00:49"]
[TimeControl "2700+45"]

1. e4 e5 2. Nf3 Nf6 3. Nxe5 d6 4. Nf3 Nxe4 5. Nc3 Nxc3 6. dxc3 Be7 7. Be3 O-O 8.
Qd2 Be6 9. O-O-O c6 10. Bd3 Qa5 11. a3 Nd7 12. Ng5 Nf6 13. Bd4 Bf5 14. Rhe1 Rfe8
15. h4 Bg6 16. Bc4 d5 17. Bd3 Bxd3 18. Qxd3 b5 19. Bxf6 g6 20. Bxe7 {Black
resigns} 1-0

[Event "Team 45 45 League T43"]
[Site "Internet Chess Club"]
[Date "2009.11.22"]
[Round "4"]
[White "blizzard13"]
[Black "reverendjim"]
[Result "1-0"]
[WhiteElo "1440"]
[BlackElo "1399"]
[Opening "Caro-Kann: Tartakower (fantasy) variation"]
[ECO "B12"]
[Time "09:04:22"]
[TimeControl "2700+45"]

1. e4 c6 2. d4 d5 3. f3 dxe4 4. fxe4 e5 5. Nf3 Be6 6. Nxe5 Qh4+ 7. Kd2 Qxe4 8.
Nf3 Nd7 9. Bd3 Qg4 10. Qe2 Bb4+ 11. c3 Bd6 12. Kc2 Ngf6 13. Nbd2 O-O 14. h3 Qh5
15. Nf1 Rae8 16. Be3 Bf5 17. Bxf5 Qxf5+ 18. Qd3 Qxd3+ 19. Kxd3 Nd5 20. Re1 Nxe3
21. Nxe3 Nf6 22. Nf5 Bc7 23. Rxe8 Rxe8 24. Re1 Rxe1 25. Nxe1 g6 26. Ne3 Bg3 27.
Nf3 Nh5 28. Kc4 Nf4 29. b4 b5+ 30. Kc5 Ne2 31. Nd1 Nc1 32. a3 Nd3+ 33. Kxc6 f6
{Black resigns} 1-0

[Event "Team 45 45 League T43"]
[Site "Internet Chess Club"]
[Date "2009.11.20"]
[Round "4"]
[White "Folgers"]
[Black "BadHabitMarco"]
[Result "1/2-1/2"]
[WhiteElo "1987"]
[BlackElo "2001"]
[Opening "Levitsky attack (Queen's bishop attack)"]
[ECO "D00"]
[Time "21:02:51"]
[TimeControl "2700+45"]

1. d4 d5 2. Bg5 h6 3. Bh4 c5 4. Nc3 Nc6 5. e3 Qa5 6. dxc5 e6 7. Bb5 Bxc5 8. Ne2
Ne7 9. Nd4 Bd7 10. Nb3 Qb4 11. Nxc5 Qxc5 12. a3 Nf5 13. Bg3 Nxg3 14. hxg3 Ne5
{Game drawn by mutual agreement} 1/2-1/2

[Event "Team 45 45 League T43"]
[Site "Internet Chess Club"]
[Date "2009.11.21"]
[Round "4"]
[White "Paulkov"]
[Black "miazga"]
[Result "0-1"]
[WhiteElo "2018"]
[BlackElo "2008"]
[Opening "French: Winawer (Nimzovich) variation"]
[ECO "C15"]
[Time "20:00:18"]
[TimeControl "2700+45"]

1. e4 e6 2. d4 d5 3. Nc3 Bb4 4. exd5 exd5 5. Bd3 c6 6. Ne2 Bd6 7. Bf4 Nf6 8. Qd2
O-O 9. O-O b5 10. a3 Na6 11. Ng3 Nc7 12. Rfe1 a5 13. Bg5 Ne6 14. Nh5 Nxg5 15.
Qxg5 Nxh5 16. Qxh5 g6 17. Qf3 Qh4 18. h3 Qxd4 19. Rad1 Qf4 20. Qxf4 Bxf4 21. Ne2
Be5 22. c3 Bf6 23. Nd4 Bd7 24. Nb3 Rfe8 25. Nc5 Rxe1+ 26. Rxe1 Be8 27. Nb7 Kf8
28. Nc5 Be7 29. Nb3 b4 30. axb4 axb4 31. cxb4 Bxb4 32. Ra1 Rxa1+ 33. Nxa1 Ke7
34. Kf1 c5 35. Nc2 Ba5 36. Na3 c4 37. Bb1 Kd6 38. Ke2 Kc5 39. Ba2 Bb4 40. Nc2 d4
41. Nxb4 Kxb4 42. Kd2 Bd7 43. h4 Be6 44. Kc1 Bd5 45. g3 Be6 46. h5 gxh5 47. Bb1
d3 48. Kd2 Kb3 49. Bxd3 cxd3 50. Kxd3 Kxb2 51. Kd2 Kb3 52. Kd3 Kb4 53. Kd4 f6
54. Kd3 Kc5 55. Ke4 Kd6 56. f4 Bc8 57. f5 Bd7 58. Kf4 Kd5 {White resigns} 0-1

[Event "Team 45 45 League T43"]
[Site "Internet Chess Club"]
[Date "2009.11.22"]
[Round "4"]
[White "HumanTornado"]
[Black "poni"]
[Result "1/2-1/2"]
[WhiteElo "1944"]
[BlackElo "1945"]
[Opening "Réti opening"]
[ECO "A04"]
[Time "10:14:06"]
[TimeControl "2700+45"]

1. Nf3 d6 2. c4 e5 3. d3 f5 4. b4 a5 5. b5 Be7 6. Nc3 Nf6 7. Qc2 c6 8. g3 Nbd7
9. Bg2 Qc7 10. Rb1 O-O 11. O-O d5 12. bxc6 bxc6 13. cxd5 cxd5 14. Ng5 Nb6 15.
Qb3 e4 16. dxe4 fxe4 17. Ncxe4 Nxe4 18. Bxe4 Bxg5 19. Bxg5 Qe5 20. Bg2 Qxg5 21.
Qxb6 Ba6 22. Qxa5 Bc4 23. Qc5 Rxa2 24. Rb4 Qd2 25. Rfb1 Qxe2 26. Bxd5+ Bxd5 27.
Qxd5+ Kh8 28. Rf4 Rfa8 29. Qf7 h6 30. Qg6 Ra1 31. Kg2 Rxb1 32. Qxb1 Qe6 33. Qe4
Qxe4+ 34. Rxe4 Kh7 35. Re7 Kg6 36. h4 Kf6 37. Rc7 Ra6 38. g4 g5 39. h5 Ra4 40.
Kg3 Ra6 41. Rh7 Ke5 42. Rg7 Rb6 43. f3 Ra6 44. Rf7 Ke6 45. Rf5 Ra3 46. Rb5 Kf7
47. Rb7+ Kg8 48. Re7 Rb3 49. Kf2 Ra3 50. Kg3 Rb3 51. Ra7 Rc3 52. Re7 Ra3 53. Kf2
Rb3 54. Re3 Rb2+ 55. Kg3 Rb4 56. Kf2 Rb2+ 57. Ke1 Kg7 58. Rd3 Ra2 59. Rd2 Ra3
60. Ke2 Rb3 61. Rd3 Rb2+ 62. Ke3 Rb1 63. Ke4 Re1+ 64. Kf5 Re7 65. Rd5 Rf7+ 66.
Ke4 Rf4+ 67. Ke3 Rf7 68. Rd6 Re7+ 69. Kd4 Rf7 70. Rg6+ Kh7 71. Ke3 {Game drawn
by mutual agreement} 1/2-1/2

[Event "Team 45 45 League T43"]
[Site "Internet Chess Club"]
[Date "2009.11.22"]
[Round "4"]
[White "SneakyRed"]
[Black "mickeys"]
[Result "0-1"]
[WhiteElo "1802"]
[BlackElo "1872"]
[Opening "French: advance, Paulsen attack"]
[ECO "C02"]
[Time "10:03:24"]
[TimeControl "2700+45"]

1. e4 e6 2. d4 d5 3. e5 c5 4. c3 Nc6 5. Nf3 Qb6 6. a3 c4 7. Nbd2 Na5 8. Be2 Bd7
9. Rb1 Be7 10. O-O h5 11. b4 cxb3 12. c4 Ba4 13. Bd3 Qc6 14. Qe2 dxc4 15. Nxc4
Nxc4 16. Bxc4 Rc8 17. Bxb3 Bb5 18. Qd1 Bxf1 19. Kxf1 Kf8 20. Ba4 Qe4 21. Qb3 h4
22. h3 b6 23. Be3 Nh6 24. Nd2 Qb7 25. Bb5 Nf5 26. Qd3 Qc7 27. a4 Qc3 28. Nf3
Qxd3+ 29. Bxd3 Nxe3+ 30. fxe3 Ba3 31. Ke2 Be7 32. Nd2 g5 33. Kf3 Kg7 34. Ne4
Rhd8 35. Kg4 Kh6 36. Rf1 Rf8 37. g3 hxg3 38. Kxg3 Kg7 39. Kg4 Rh8 40. Kg3 Rh4
41. Ba6 Rch8 42. Nf2 f5 43. exf6+ Kxf6 44. Rc1 Bd6+ 45. Kg2 Rd8 46. Rc6 Ke7 47.
Be2 Rd7 48. Bg4 Rc7 49. Rxc7+ Bxc7 50. Ne4 Bd8 51. Nxg5 Kd6 52. Nf7+ Ke7 53.
Nxd8 Kxd8 54. Kg3 Rh6 55. Kf4 Ke7 56. Kg5 Rf6 57. h4 Rf1 58. h5 Kf7 59. h6 Rh1
60. e4 a6 61. Bh5+ Kg8 62. Be8 Kf8 63. Bc6 Kf7 64. d5 Rg1+ 65. Kh5 exd5 66. exd5
Ke7 67. h7 Kf7 68. Kh6 Rh1+ 69. Kg5 Rxh7 70. d6 Rh8 71. Kf5 Rh6 72. Ke5 Rh5+ 73.
Kd4 Ke6 74. d7 Ke7 75. Kc4 Rh6 76. Bb7 a5 77. Bc8 Rh5 78. Kb3 Kd8 79. Kc4 Kc7
80. Kb3 Rh4 81. Ka3 Rb4 82. Ba6 Kxd7 83. Bb5+ Kd6 84. Be8 Kc5 85. Bd7 Kd4 86.
Be8 Kc3 87. Bc6 Rd4 88. Bb5 Rd1 89. Ka2 Kb4 90. Kb2 Rd2+ 91. Kb1 Kb3 92. Kc1 Ra2
93. Bd7 Rxa4 94. Bf5 Kc3 95. Kb1 b5 96. Bd7 Rb4+ 97. Ka2 Kc2 98. Ka3 Ra4# {White
checkmated} 0-1

[Event "Team 45 45 League T43"]
[Site "Internet Chess Club"]
[Date "2009.11.20"]
[Round "4"]
[White "Pason"]
[Black "trucazzo"]
[Result "1/2-1/2"]
[WhiteElo "2130"]
[BlackElo "2122"]
[Opening "QGD semi-Slav"]
[ECO "D43"]
[Time "16:17:43"]
[TimeControl "2700+45"]

1. d4 Nf6 2. Nf3 d5 3. c4 e6 4. Nc3 c6 5. Bg5 h6 6. Bh4 dxc4 7. e4 g5 8. Bg3 b5
9. h4 g4 10. Ne5 h5 11. f3 Bb7 12. fxg4 hxg4 13. Nxg4 Nxg4 14. Qxg4 Qxd4 15. Bf2
Qg7 {Game drawn by mutual agreement} 1/2-1/2

[Event "Team 45 45 League T43"]
[Site "Internet Chess Club"]
[Date "2009.11.23"]
[Round "4"]
[White "cesaralexander"]
[Black "alastorx"]
[Result "0-1"]
[WhiteElo "2011"]
[BlackElo "1997"]
[Opening "QGD: Tarrasch, Prague variation, 9.Bg5"]
[ECO "D34"]
[Time "11:18:41"]
[TimeControl "2700+45"]

1. d4 e6 2. c4 d5 3. Nc3 c5 4. Nf3 Nc6 5. cxd5 exd5 6. g3 Nf6 7. Bg2 Be7 8. O-O
O-O 9. Bg5 cxd4 10. Nxd4 h6 11. Be3 Be6 12. Nxc6 bxc6 13. Na4 Qa5 14. Qc2 Ng4
15. Bc5 Bxc5 16. Nxc5 Rfe8 17. e3 Ne5 18. b3 Rab8 19. Rfc1 Rb5 20. Bf1 Rb6 21.
Na4 Rbb8 22. Qc3 Qxc3 23. Rxc3 Nf3+ 24. Kg2 d4 25. exd4 Nxd4 26. Kh1 Bd5+ 27.
Bg2 Re2 28. Kg1 Rbe8 29. Bxd5 cxd5 30. Rd3 Nc2 31. Rc1 Nb4 32. Rd4 Nxa2 33. Rcd1
Rc2 34. Rxd5 Ree2 35. Rf1 Nb4 36. Rc5 Nd3 37. Rxc2 Rxc2 38. f4 Nc1 39. b4 Ne2+
40. Kh1 Rc4 41. Ra1 Rxb4 42. Nc5 Rb5 43. Nd7 a5 44. Re1 Rb2 45. Nc5 Rc2 46. Na4
Kf8 47. Ra1 Ke7 48. Nb6 Rc1+ 49. Rxc1 Nxc1 50. Kg2 Nb3 51. Kf3 Kd6 52. Ke3 Kc6
53. Nc4 Kb5 54. Kd3 Kb4 55. Nb2 a4 56. Kc2 Nd4+ 57. Kb1 Kb3 58. Nd3 Nf3 59. h3
Ng1 60. h4 Ne2 61. g4 a3 62. f5 a2+ 63. Ka1 Nd4 64. Nc1+ Kc2 65. Nxa2 Nb3#
{White checkmated} 0-1

[Event "Team 45 45 League T43"]
[Site "Internet Chess Club"]
[Date "2009.11.20"]
[Round "4"]
[White "NFK"]
[Black "Majamutu"]
[Result "0-1"]
[WhiteElo "1739"]
[BlackElo "2000"]
[Opening "Sicilian: Nimzovich-Rossolimo attack (with ...g6, without ...d6)"]
[ECO "B31"]
[Time "14:00:27"]
[TimeControl "2700+45"]

1. e4 c5 2. Nf3 Nc6 3. Bb5 g6 4. Bxc6 dxc6 5. O-O Bg7 6. Nc3 Bg4 7. h3 Bxf3 8.
Qxf3 Nf6 9. d3 Nd7 10. Bf4 e5 11. Be3 Qe7 12. Rfd1 Nf8 13. Ne2 Ne6 14. c3 Rd8
15. Rac1 O-O 16. g3 Rd7 17. Rd2 Qd8 18. Rcd1 Qa5 19. Nc1 Rfd8 20. Kg2 b5 21. Nb3
Qxa2 22. Nxc5 Nxc5 23. Bxc5 Bh6 24. Be3 Bxe3 25. Qxe3 a5 26. Qb6 Rd6 27. b4 Qb3
28. bxa5 Qxc3 29. a6 Qa3 30. a7 Ra8 31. Qb8+ Rd8 32. Qxe5 Qxa7 33. d4 Qb7 34.
Qc5 Rdc8 35. d5 cxd5 36. Qxd5 Rab8 37. Qxb7 Rxb7 38. Rd8+ Rxd8 39. Rxd8+ Kg7 40.
Rd3 b4 41. Rb3 Kf6 42. f4 h5 43. Kf3 Ke6 44. Ke3 h4 45. gxh4 Rb5 46. Kd4 Rh5 47.
Kc4 Rxh4 48. Rxb4 Rxf4 49. Kd4 Rh4 50. Rb6+ Ke7 51. Rb7+ Ke6 52. Rb6+ Ke7 53.
Rb7+ Kf8 54. Rb8+ Kg7 55. Rb3 f5 56. Re3 Kf6 57. Kd5 fxe4 58. Rxe4 Rxh3 59. Rf4+
Kg5 60. Rf8 Re3 61. Kd4 Re1 62. Kd3 Kg4 63. Kd2 Re7 64. Rf1 g5 65. Rg1+ Kh5 66.
Rh1+ Kg6 67. Rg1 Re4 68. Kd3 Rf4 69. Ke3 Kf5 70. Rh1 Re4+ 71. Kf3 Ra4 72. Rg1
Ra3+ 73. Kg2 Kg4 74. Kf2+ Kf4 75. Rf1 Rf3+ 76. Kg2 Rxf1 77. Kxf1 Kf3 78. Kg1 Kg3
79. Kf1 Kh2 {White resigns} 0-1

[Event "Team 45 45 League T43"]
[Site "Internet Chess Club"]
[Date "2009.11.21"]
[Round "4"]
[White "CaoCao"]
[Black "Egmont"]
[Result "1-0"]
[WhiteElo "1973"]
[BlackElo "1723"]
[Opening "Pirc: classical, h3 system"]
[ECO "B08"]
[Time "10:34:19"]
[TimeControl "2700+45"]

1. e4 d6 2. d4 Nf6 3. Nc3 g6 4. Nf3 Bg7 5. h3 c6 6. a4 Qc7 7. Be3 Nbd7 8. Be2
O-O 9. O-O e5 10. dxe5 dxe5 11. Qd2 Rd8 12. Rfd1 b6 13. Bc4 Bb7 14. Ng5 Rf8 15.
Qd6 Qxd6 16. Rxd6 h6 17. Nf3 Rfd8 18. Rad1 Bf8 19. R6d2 Be7 20. Bxh6 Nc5 21.
Rxd8+ Rxd8 22. Rxd8+ Bxd8 23. Ng5 {Black resigns} 1-0

[Event "Team 45 45 League T43"]
[Site "Internet Chess Club"]
[Date "2009.11.22"]
[Round "4"]
[White "Duguesclin"]
[Black "wbanks"]
[Result "0-1"]
[WhiteElo "1647"]
[BlackElo "1638"]
[Opening "QGD: 4.Nf3"]
[ECO "D37"]
[Time "14:00:14"]
[TimeControl "2700+45"]

1. d4 d5 2. c4 e6 3. Nf3 Nf6 4. Nc3 Nbd7 5. a3 c6 6. Bf4 Be7 7. c5 O-O 8. h3 Re8
9. e3 Ne4 10. Nxe4 dxe4 11. Nd2 f5 12. Bc4 Nf6 13. O-O Kh8 14. b4 Nd5 15. Bh2
Bf6 16. Qb3 Qe7 17. Rae1 Qf7 18. f3 exf3 19. Nxf3 Qh5 20. e4 fxe4 21. Rxe4 Bd7
22. Be2 Qg6 23. Rg4 Qh6 24. Ne5 Re7 25. Bf3 Qe3+ 26. Qxe3 Nxe3 27. Re1 Nxg4 28.
Nxd7 Bxd4+ {White resigns} 0-1